EVO
PENNSYLVANIA STATE UNIVERSITY NITTANY LIONS @ WASHINGTON STATE UNIVERSITY COUGARS
07/24/2049
 
TOP OF THE 1ST
Pennsylvania State University Nittany Lions batting - Pitching for Washington State University Cougars : RHP Briruc Fenuku
Pitching: RHP Briruc Fenuku
Batting: RHB Jesse Bandt 0-0: Ball
1-0: Called Strike
1-1: Foul Ball, location: 2F
1-2: Ball
2-2: Foul Ball, location: 2F
2-2: Strikes out swinging
Batting: RHB Francisco Velazquez 0-0: Ball
1-0: Foul Ball, location: 2F
1-1: Ball
2-1: Ball
3-1: Fly out, F8 (Line Drive, 89M, EV 88.1 MPH)
Batting: RHB Josh Ebeling 0-0: Swinging Strike
0-1: Swinging Strike
0-2: Foul Ball, location: 2F
0-2: Foul Ball, location: 2F
0-2: Ball
1-2: Strikes out looking
Top of the 1st over - 0 runs, 0 hits, 0 errors, 0 left on base; Pennsylvania State University 0 - Washington State University 0
BOTTOM OF THE 1ST
Washington State University Cougars batting - Pitching for Pennsylvania State University Nittany Lions : RHP Kyle McKinney
Pitching: RHP Kyle McKinney
Batting: RHB Rafael Collyer 0-0: Ball
1-0: Swinging Strike
1-1: Ground out 2-3 (Groundball, 15S, EV 70.0 MPH)
Batting: RHB Mas Langat 0-0: SINGLE (Line Drive, 89S, EV 101.2 MPH)
Batting: SHB Juan Delanoval 0-0: Called Strike
0-1: SINGLE (Groundball, 6D, EV 97.5 MPH)
Mas Langat to second
Batting: LHB Israel Ariza 0-0: Ball
1-0: Foul Ball, location: 2F
1-1: Called Strike
1-2: Ball
2-2: Foul Ball, location: 2F
2-2: Strikes out swinging
Batting: LHB David Jackson 0-0: Ball
1-0: Called Strike
1-1: Called Strike
1-2: Ground out 4-3 (Groundball, 4, EV 86.2 MPH)
Bottom of the 1st over - 0 runs, 2 hits, 0 errors, 2 left on base; Pennsylvania State University 0 - Washington State University 0
TOP OF THE 2ND
Pennsylvania State University Nittany Lions batting - Pitching for Washington State University Cougars : RHP Briruc Fenuku
Batting: RHB Rob Hinojosa 0-0: Called Strike
0-1: Ball
1-1: Fly out, F8 (Flyball, 8LXD, EV 102.5 MPH)
Batting: RHB Joe Strachan 0-0: Fly out, F7 (Line Drive, 78M, EV 100.0 MPH)
Batting: RHB Perry Brantley 0-0: Ball
1-0: Ball
2-0: Ball
3-0: Called Strike
3-1: Base on Balls
Batting: LHB Dan Lape 0-0: Ball
1-0: Ball
2-0: Foul Ball, location: 2F
2-1: Ball
3-1: Ground out 4-3 (Groundball, 4, EV 88.1 MPH)
Top of the 2nd over - 0 runs, 0 hits, 0 errors, 1 left on base; Pennsylvania State University 0 - Washington State University 0
BOTTOM OF THE 2ND
Washington State University Cougars batting - Pitching for Pennsylvania State University Nittany Lions : RHP Kyle McKinney
Batting: RHB Wil Gonzales 0-0: Called Strike
0-1: Foul Ball, location: 2F
0-2: Ball
1-2: Strikes out looking
Batting: RHB Joe Weber 0-0: Ball
1-0: Foul Ball, location: 2F
1-1: Ground out 4-3 (Groundball, 4, EV 79.4 MPH)
Batting: RHB Briruc Fenuku 0-0: Ball
1-0: Ball
2-0: Ball
3-0: Called Strike
3-1: Foul Ball, location: 2F
3-2: Strikes out swinging
Bottom of the 2nd over - 0 runs, 0 hits, 0 errors, 0 left on base; Pennsylvania State University 0 - Washington State University 0
TOP OF THE 3RD
Pennsylvania State University Nittany Lions batting - Pitching for Washington State University Cougars : RHP Briruc Fenuku
Batting: SHB Antonio Moreno 0-0: Called Strike
0-1: Called Strike
0-2: Strikes out swinging
Batting: RHB Nick Kemmerling 0-0: Ball
1-0: Ball
2-0: Foul Ball, location: 2F
2-1: Ball
3-1: Foul Ball, location: 2F
3-2: Foul Ball, location: 2F
3-2: Fly out, F9 (Flyball, 89D, EV 80.6 MPH)
Batting: RHB Jesse Bandt 0-0: Called Strike
0-1: Foul Ball, location: 2F
0-2: Ball
1-2: SINGLE (Line Drive, 78S, EV 104.4 MPH)
Batting: RHB Francisco Velazquez 0-0: Called Strike
0-1: Ball
1-1: Ball
2-1: Fielders Choice at 2nd, 5-4 (Groundball, 56, EV 91.9 MPH)
Top of the 3rd over - 0 runs, 1 hit, 0 errors, 1 left on base; Pennsylvania State University 0 - Washington State University 0
BOTTOM OF THE 3RD
Washington State University Cougars batting - Pitching for Pennsylvania State University Nittany Lions : RHP Kyle McKinney
Batting: LHB Tony Brea 0-0: Ball
1-0: Ball
2-0: Ball
3-0: Called Strike
3-1: Foul Ball, location: 2F
3-2: Strikes out looking
Batting: RHB Rafael Collyer 0-0: Ball
1-0: Called Strike
1-1: Ball
2-1: Called Strike
2-2: Strikes out looking
Batting: RHB Mas Langat 0-0: Ball
1-0: Foul Ball, location: 2F
1-1: Ball
2-1: SINGLE (Groundball, 4MD, EV 101.9 MPH)
Batting: SHB Juan Delanoval 0-0: Fly out, F7 (Flyball, 78D, EV 97.5 MPH)
Bottom of the 3rd over - 0 runs, 1 hit, 0 errors, 1 left on base; Pennsylvania State University 0 - Washington State University 0
TOP OF THE 4TH
Pennsylvania State University Nittany Lions batting - Pitching for Washington State University Cougars : RHP Briruc Fenuku
Batting: RHB Josh Ebeling 0-0: Ball
1-0: Ground out 5-3 (Groundball, 5, EV 89.4 MPH)
Batting: RHB Rob Hinojosa 0-0: Ground out 6-3 (Groundball, 6, EV 90.6 MPH)
Batting: RHB Joe Strachan 0-0: Fly out, F9 (Flyball, 9D, EV 105.0 MPH)
Top of the 4th over - 0 runs, 0 hits, 0 errors, 0 left on base; Pennsylvania State University 0 - Washington State University 0
BOTTOM OF THE 4TH
Washington State University Cougars batting - Pitching for Pennsylvania State University Nittany Lions : RHP Kyle McKinney
Batting: LHB Israel Ariza 0-0: Ball
1-0: Called Strike
1-1: Swinging Strike
1-2: Ball
2-2: Ball
3-2: Ground out 4-3 (Groundball, 4, EV 104.4 MPH)
Batting: LHB David Jackson 0-0: Ball
1-0: Ball
2-0: Ball
3-0: Called Strike
3-1: Foul Ball, location: 2F
3-2: SOLO HOME RUN (Flyball, 78XD, EV 115.6 MPH), Distance : 456 ft
Batting: RHB Wil Gonzales 0-0: Foul Ball, location: 2F
0-1: Ground out 6-3 (Groundball, 6, EV 115.0 MPH)
Batting: RHB Joe Weber 0-0: Swinging Strike
0-1: Ball
1-1: Ball
2-1: SINGLE (Groundball, 6MD, EV 101.9 MPH)
Batting: RHB Briruc Fenuku 0-0: Foul Ball, location: 2F
0-1: Ground out 1-3 (Groundball, 13S, EV 73.8 MPH)
Bottom of the 4th over - 1 run, 2 hits, 0 errors, 1 left on base; Pennsylvania State University 0 - Washington State University 1
TOP OF THE 5TH
Pennsylvania State University Nittany Lions batting - Pitching for Washington State University Cougars : RHP Briruc Fenuku
Now at 1B: Toyo Ibe
Now at SS: Rex Creswell
Batting: RHB Perry Brantley 0-0: Foul Ball, location: 2F
0-1: Foul Ball, location: 2F
0-2: Ball
1-2: Ground out 6-3 (Groundball, 56, EV 81.9 MPH)
Batting: LHB Dan Lape 0-0: Ball
1-0: Ball
2-0: Ball
3-0: Base on Balls
Batting: SHB Antonio Moreno 0-0: Ball
1-0: Ball
2-0: Ball
3-0: Called Strike
3-1: Base on Balls
Dan Lape to second
Batting: RHB Nick Kemmerling 0-0: Ball
1-0: Called Strike
1-1: Ball
2-1: Ball
3-1: Called Strike
3-2: Base on Balls
Dan Lape to third
Antonio Moreno to second
Batting: RHB Jesse Bandt 0-0: Ball
1-0: Fly out, F9 (Flyball, 9S, EV 81.9 MPH)
Batting: RHB Francisco Velazquez 0-0: Fly out, F8 (Flyball, 8RXD, EV 98.1 MPH)
Top of the 5th over - 0 runs, 0 hits, 0 errors, 3 left on base; Pennsylvania State University 0 - Washington State University 1
BOTTOM OF THE 5TH
Washington State University Cougars batting - Pitching for Pennsylvania State University Nittany Lions : RHP Kyle McKinney
Pitching: RHP Tom Palmer
Now at 1B: Kevin Claus
Now at 3B: Jesse Bandt
Now at SS: Frank Holdener
Now in RF: Guy Jock
Batting: LHB Tony Brea 0-0: Called Strike
0-1: Ball
1-1: Ball
2-1: Foul Ball, location: 2F
2-2: Foul Ball, location: 2F
2-2: Strikes out swinging, 2-3 out at first.
Batting: RHB Rafael Collyer 0-0: Ball
1-0: Foul Ball, location: 2F
1-1: Ball
2-1: Ball
3-1: Called Strike
3-2: Base on Balls
Batting: LHB Rex Creswell 0-0: 2-RUN HOME RUN (Flyball, 89XD, EV 106.2 MPH), Distance : 418 ft
Batting: SHB Juan Delanoval 0-0: Called Strike
0-1: Swinging Strike
0-2: Ball
1-2: Strikes out looking
Batting: RHB Toyo Ibe 0-0: Ball
1-0: Called Strike
1-1: Ball
2-1: Swinging Strike
2-2: Ball
3-2: Strikes out swinging, 2-3 out at first.
Bottom of the 5th over - 2 runs, 1 hit, 0 errors, 0 left on base; Pennsylvania State University 0 - Washington State University 3
TOP OF THE 6TH
Pennsylvania State University Nittany Lions batting - Pitching for Washington State University Cougars : RHP Briruc Fenuku
DELAY Rain delay of 86 minutes in the 6th inning.
Pitching: RHP D.J. Sletten
Now at C: Dave DeLaMater
Batting: RHB Guy Jock 0-0: Swinging Strike
0-1: Swinging Strike
0-2: Ball
1-2: Strikes out looking
Batting: RHB Kevin Claus 0-0: Called Strike
0-1: Fly out, F9 (Flyball, 9LM, EV 89.4 MPH)
Batting: RHB Joe Strachan 0-0: Ball
1-0: Ball
2-0: Called Strike
2-1: Foul Ball, location: 2F
2-2: Ball
3-2: Foul Ball, location: 2F
3-2: Foul Ball, location: 2F
3-2: Ground out 6-3 (Groundball, 6, EV 102.5 MPH)
Top of the 6th over - 0 runs, 0 hits, 0 errors, 0 left on base; Pennsylvania State University 0 - Washington State University 3
BOTTOM OF THE 6TH
Washington State University Cougars batting - Pitching for Pennsylvania State University Nittany Lions : RHP Tom Palmer
Pitching: RHP Alex Almonte
Pinch Hitting: RHB Ryan Toth 0-0: Called Strike
0-1: Ball
1-1: Ball
2-1: Foul Ball, location: 2F
2-2: Strikes out swinging
Pinch Hitting: SHB Bob Jeffreys 0-0: Ground out 5-3 (Groundball, 5, EV 84.4 MPH)
Batting: RHB Dave DeLaMater 0-0: Ball
1-0: Called Strike
1-1: Swinging Strike
1-2: Ball
2-2: Ball
3-2: Base on Balls
Batting: RHB Miguel Paredes 0-0: Ball
1-0: Called Strike
1-1: Ball
2-1: Called Strike
2-2: Ball
3-2: 2-RUN HOME RUN (Flyball, 7D, EV 108.1 MPH), Distance : 396 ft
Batting: LHB Tony Brea 0-0: SINGLE (Groundball, 34S, EV 66.9 MPH) (infield hit)
Pinch Hitting: RHB Ron Essink 0-0: Fielders Choice at 2nd, 6-4 (Groundball, 6, EV 110.0 MPH)
Bottom of the 6th over - 2 runs, 2 hits, 0 errors, 1 left on base; Pennsylvania State University 0 - Washington State University 5
TOP OF THE 7TH
Pennsylvania State University Nittany Lions batting - Pitching for Washington State University Cougars : RHP D.J. Sletten
Pitching: RHP Rogelio Perez
Now at 2B: Ron Essink
Now at 3B: Bob Jeffreys
Now in LF: Ryan Toth
Pinch Hitting: RHB Pete Martin 0-0: Ball
1-0: Called Strike
1-1: Swinging Strike
1-2: Foul Ball, location: 2F
1-2: Foul Ball, location: 2F
1-2: Strikes out swinging, 2-3 out at first.
Batting: LHB Dan Lape 0-0: Ball
1-0: Ball
2-0: Called Strike
2-1: Swinging Strike
2-2: Strikes out looking
Batting: SHB Antonio Moreno 0-0: Ball
1-0: Ground out U3 (Groundball, 13, EV 88.8 MPH)
Top of the 7th over - 0 runs, 0 hits, 0 errors, 0 left on base; Pennsylvania State University 0 - Washington State University 5
BOTTOM OF THE 7TH
Washington State University Cougars batting - Pitching for Pennsylvania State University Nittany Lions : RHP Alex Almonte
Now in LF: Pete Martin
Batting: LHB Rex Creswell 0-0: Foul Ball, location: 2F
0-1: Foul Ball, location: 2F
0-2: Ball
1-2: Ball
2-2: Ball
3-2: Foul Ball, location: 2F
3-2: SINGLE (Flyball, 78S, EV 96.2 MPH)
Pitching: RHP Preki Nedic
Batting: SHB Juan Delanoval 0-0: Called Strike
0-1: Ball
1-1: Fly out, F1 (Line Drive, P, EV 68.1 MPH)
Batting: RHB Toyo Ibe 0-0: Foul Ball, location: 2F
0-1: Swinging Strike
0-2: Fielders Choice at 2nd, 6-4 (Groundball, 56, EV 84.4 MPH)
Batting: RHB Ryan Toth 0-0: Called Strike
0-1: Fielders Choice at 2nd, 6-4 (Groundball, 6, EV 83.1 MPH)
Bottom of the 7th over - 0 runs, 1 hit, 0 errors, 1 left on base; Pennsylvania State University 0 - Washington State University 5
TOP OF THE 8TH
Pennsylvania State University Nittany Lions batting - Pitching for Washington State University Cougars : RHP Rogelio Perez
Pinch Hitting: LHB Yari Rono 0-0: DOUBLE (Line Drive, 3D, EV 95.0 MPH)
Batting: RHB Jesse Bandt 0-0: Foul Ball, location: 2F
0-1: Ball
1-1: Ball
2-1: Called Strike
2-2: SINGLE (Groundball, 56S, EV 67.5 MPH) (infield hit)
Yari Rono to third
Batting: RHB James Steinmetz 0-0: Called Strike
0-1: Ball
1-1: Ball
2-1: Ball
3-1: Base on Balls
Jesse Bandt to second
Pitching: RHP Arthur Scholten
Batting: RHB Guy Jock 0-0: Ball
Wild Pitch!
Yari Rono scores
Jesse Bandt to third
James Steinmetz to second
1-0: Called Strike
1-1: Called Strike
1-2: Ball
2-2: Strikes out swinging
Batting: RHB Kevin Claus 0-0: Ball
1-0: Ball
2-0: Ball
3-0: Base on Balls
Batting: RHB Joe Strachan 0-0: Ball
1-0: Foul Ball, location: 2F
1-1: Called Strike
1-2: Ball
2-2: Ball
3-2: Foul Ball, location: 2F
3-2: Strikes out looking
Batting: RHB Pete Martin 0-0: Swinging Strike
0-1: Foul Ball, location: 2F
0-2: Ball
1-2: Strikes out swinging
Top of the 8th over - 1 run, 2 hits, 0 errors, 3 left on base; Pennsylvania State University 1 - Washington State University 5
BOTTOM OF THE 8TH
Washington State University Cougars batting - Pitching for Pennsylvania State University Nittany Lions : RHP Preki Nedic
Pitching: RHP Bob Cloutier
Now at SS: Yari Rono
Batting: SHB Bob Jeffreys 0-0: Called Strike
0-1: Ball
1-1: Fly out, F4 (Popup, 34S, EV 87.5 MPH)
Batting: RHB Dave DeLaMater 0-0: Swinging Strike
0-1: Ball
1-1: Ball
2-1: Called Strike
2-2: Ball
3-2: Strikes out swinging
Batting: RHB Miguel Paredes 0-0: Ground out 3-1 (Groundball, 34, EV 80.6 MPH)
Bottom of the 8th over - 0 runs, 0 hits, 0 errors, 0 left on base; Pennsylvania State University 1 - Washington State University 5
TOP OF THE 9TH
Pennsylvania State University Nittany Lions batting - Pitching for Washington State University Cougars : RHP Arthur Scholten
Pitching: RHP Jose Flores
Pinch Hitting: RHB Mark Rose 0-0: Ball
1-0: SINGLE (Line Drive, 8LS, EV 91.2 MPH)
Batting: SHB Antonio Moreno 0-0: Ball
1-0: Ball
2-0: Ball
3-0: Base on Balls
Mark Rose to second
Batting: LHB Yari Rono 0-0: Fly out, F8 (Line Drive, 8RM, EV 103.1 MPH)
Batting: RHB Jesse Bandt 0-0: Ball
1-0: Swinging Strike
1-1: Ball
2-1: Fly out, F8 (Line Drive, 8RS, EV 85.0 MPH)
Batting: RHB James Steinmetz 0-0: Ball
1-0: Called Strike
1-1: Ball
2-1: Called Strike
2-2: Foul Ball, location: 2F
2-2: Fielders Choice at 2nd, 6-4 (Groundball, 6, EV 90.6 MPH)
Top of the 9th over - 0 runs, 1 hit, 0 errors, 2 left on base; Pennsylvania State University 1 - Washington State University 5
Sunday, July 16th , 2023 - OOTP Baseball 24.6 Build 69